 Dungeon Crawl Stone Soup version 0.29.1-12-g30fa7ad0bf (webtiles) character file.

Game seed: 14796110369941272087

1914 safid the Frost Mage (level 9, -6/57 HPs)
             Began as a Merfolk Ice Elementalist on Jan 4, 2023.
             Was a Follower of Vehumet.
             Mangled by a wight
             ... wielding a +5 great sword
              (11 damage)
             ... on level 7 of the Dungeon.
             The game lasted 00:26:04 (8852 turns).

safid the Frost Mage (Merfolk Ice Elementalist)     Turns: 8852, Time: 00:26:04

Health: -6/57      AC:  4    Str:  8    XL:     9   Next: 16%
Magic:  3/20       EV: 13    Int: 18    God:    Vehumet [*.....]
Gold:   113        SH:  0    Dex: 15    Spells: 16/23 levels left

rFire   . . .      SeeInvis .   m - +4 hand axe
rCold   . . .      Faith    .   (no shield)
rNeg    + . .      Spirit   .   a - +0 robe
rPois   +          Reflect  .   (no helmet)
rElec   .          Harm     .   g - +0 cloak
rCorr   .          Rampage  .   x - +0 pair of gloves
Will    .....                   (no boots)
Stlth   ++........              (no amulet)
HPRegen 0.19/turn               p - ring of poison resistance
MPRegen 0.17/turn               y - ring of positive energy

@: freezing walls, very slightly contaminated
A: (nimble swimmer 2), mertail
a: Renounce Religion


You were on level 7 of the Dungeon.
You worshipped Vehumet.
Vehumet was aware of your devotion.
You visited 2 branches of the dungeon, and saw 8 of its levels.
You also visited: Sewer.

You collected 403 gold pieces.
You spent 290 gold pieces at shops.

Inventory:

Hand Weapons
 m - a +4 hand axe (weapon)
Missiles
 c - 27 poisoned darts (quivered)
Armour
 a - a +0 robe (worn)
 g - a +0 cloak (worn)
 x - a +0 pair of gloves (worn)
Jewellery
 p - a ring of poison resistance (left hand)
 y - a ring of positive energy (right hand)
Wands
 C - a wand of charming (6)
Scrolls
 d - a scroll of immolation
 e - 3 scrolls of blinking
 j - 4 scrolls of poison
 l - a scroll of amnesia
 o - a scroll of fear
 r - 3 scrolls of enchant weapon
 u - 4 scrolls of teleportation
 v - a scroll of silence
 B - a scroll of brand weapon {unknown}
Potions
 b - a potion of magic
 f - 3 potions of flight {unknown}
 h - a potion of haste {unknown}
 i - 2 potions of might {unknown}
 k - a potion of mutation {unknown}
 n - a potion of resistance {unknown}
 q - 6 potions of heal wounds
 s - 2 potions of ambrosia {unknown}
 t - a potion of invisibility {unknown}
 w - a potion of lignification {unknown}
 z - 4 potions of curing
 A - 2 potions of cancellation
 D - 2 potions of brilliance


   Skills:
 - Level 3.0 Dodging
 - Level 2.1 Stealth
 + Level 7.8 Spellcasting
 + Level 10.0 Ice Magic


You had 16 spell levels left.
You knew the following spells:

 Your Spells              Type           Power      Damage    Failure   Level
a - Freeze                Ice            100%       1d11      1%          1
b - Frozen Ramparts       Ice            86%        1d13      1%          3
c - Ozocubu's Armour      Ice            43%        N/A       1%          3

Your spell library contained the following spells:

 Spells                   Type           Power      Damage    Failure   Level
 Shock                    Conj/Air       28%        1d4       10%         1
 Beastly Appendage        Tmut           14%        N/A       10%         1
 Foxfire                  Conj/Fire      28%        2x1d5     10%         1
 Magic Dart               Conj           28%        1d4       10%         1
 Summon Small Mammal      Summ           28%        N/A       10%         1
 Hailstorm                Conj/Ice       25%        3d7       13%         4
 Summon Ice Beast         Ice/Summ       25%        N/A       13%         4
 Call Imp                 Summ           7%         N/A       16%         2
 Static Discharge         Conj/Air       7%         3-4/arc   16%         2
 Wereblood                Tmut           7%         N/A       16%         2
 Call Canine Familiar     Summ           7%         N/A       30%         3
 Conjure Flame            Conj/Fire      7%         6-21      30%         3
 Inner Flame              Hex/Fire       7%         N/A       30%         3
 Mephitic Cloud           Conj/Pois/Air  7%         N/A       30%         3
 Spider Form              Tmut/Pois      7%         N/A       30%         3
 Summon Guardian Golem    Hex/Summ       7%         N/A       30%         3
 Flame Wave               Conj/Fire      7%         2d5       69%         4
 Lightning Bolt           Conj/Air       3%         1d15      95%         5
 Summon Mana Viper        Hex/Summ       7%         N/A       95%         5
 Monstrous Menagerie      Summ           3%         N/A       100%        7
 Maxwell's Capacitive Co  Air            3%         ∞         100%        8


Dungeon Overview and Level Annotations

Branches:
Dungeon (7/15)             Temple (1/1) D:6           Sewer (visited)

Altars:
Ashenzari
Cheibriados
Dithmenos
Elyvilon
Fedhas
Gozag
Hepliaklqana
Kikubaaqudgha
Makhleb
Nemelex Xobeh
Ru
Sif Muna
Trog
Uskayaw
Vehumet
Wu Jian
Xom
Yredelemnul
Zin
The Shining One

Shops:
D:5 !=*?!


Innate Abilities, Weirdness & Mutations

((You are very nimble when in or above water. (Stealth+, EV+, Speed+++)))
Your lower body shifts to a powerful aquatic tail in water.


Message History

Aim: a wight, wielding a +5 great sword and wearing a +0 robe (heavily damaged)
You freeze the wight but do no damage.
The wight completely resists.
The wight resists.
The wall freezes the wight.
The wight closely misses you.
Unknown command.
Casting: Freeze (safe; 1% risk of failure)
Confirm with . or Enter, or press ? or * to list all spells.
Aiming: Freeze (safe; 1% risk of failure)
Press: ? - help, Shift-Dir - straight line, f/p - wight
Aim: a wight, wielding a +5 great sword and wearing a +0 robe (heavily damaged)
You freeze the wight.
The wight resists.
The wight is heavily damaged.
The wight completely resists.
The wall freezes the wight but does no damage.
The wight hits you with a +5 great sword!
Casting: Freeze (safe; 1% risk of failure)
Confirm with . or Enter, or press ? or * to list all spells.
Aiming: Freeze (safe; 1% risk of failure)
Press: ? - help, Shift-Dir - straight line, f/p - wight
Aim: a wight, wielding a +5 great sword and wearing a +0 robe (heavily damaged)
You freeze the wight but do no damage.
The wight completely resists.
The frozen ramparts melt away.
The wight hits you with a +5 great sword.
Unknown command.
Casting: Freeze (safe; 1% risk of failure)
Confirm with . or Enter, or press ? or * to list all spells.
Casting: Frozen Ramparts (safe; 1% risk of failure)
Press: ? - help, Dir - look around, f - activate The walls around you are covered in ice.
The wight resists.
The wall freezes the wight.
The wight hits you with a +5 great sword!!
* * * LOW HITPOINT WARNING * * *
Casting: Frozen Ramparts (safe; 1% risk of failure)
Confirm with . or Enter, or press ? or * to list all spells.
Aiming: Freeze (safe; 1% risk of failure)
Press: ? - help, Shift-Dir - straight line, f - wight
Aim: a wight, wielding a +5 great sword and wearing a +0 robe (severely damaged)
You freeze the wight but do no damage.
The wight completely resists.
The wight resists.
The wall freezes the wight.
The wight hits you with a +5 great sword!
You die...

..# ##.###.# ..#
#####.# ..# #....#
### #+# #.#### #.#
#.# #### #.# #.#
#...###.## #.#
#......#########.#
#.....†.z@.....#
##...###########
##.## #.# #.# #.#
#z# #.# #.#


You could see a wight.

Vanquished Creatures
  Duvessa (D:5)
  A water moccasin (D:7)
  2 sky beasts (D:7)
  2 ogres
  2 kobold brigands
  A bullfrog (D:7)
  A necrophage (D:4)
  2 scorpions
  Dowan (D:5)
  3 gnoll boudas
  2 hounds
  5 iguanas
  8 orc wizards
  11 gnolls
  14 adders
  7 river rats
  8 worms
  3 dart slugs
  17 orcs
  5 ball pythons
  8 endoplasms
  2 giant cockroaches
  10 goblins
  3 hobgoblins
  9 jackals
  3 quokkas
  4 bats
  7 frilled lizards
  11 kobolds
  17 rats
  A spectral goblin (D:5)
171 creatures vanquished.

Vanquished Creatures (others)
  11 plants (Sewer)
11 creatures vanquished.

Grand Total: 182 creatures vanquished

Notes
Turn   | Place    | Note
-------+----------+-------------------------------------------
     0 | D:1      | safid the Merfolk Ice Elementalist began the quest for the
                  | Orb.
     0 | D:1      | Reached XP level 1. HP: 13/13 MP: 3/3
   231 | D:1      | Reached XP level 2. HP: 16/19 MP: 0/5
   452 | D:1      | Noticed a great orb of eyes
   454 | D:1      | Found a faded altar of an unknown god.
   455 | D:1      | Noticed a golden eye
   455 | D:1      | Noticed a golden eye
   455 | D:1      | Noticed a great orb of eyes
   926 | D:2      | Reached XP level 3. HP: 5/24 MP: 0/6
   936 | D:2      | Reached skill level 5 in Ice Magic
  1203 | D:2      | Learned a level 3 spell: Frozen Ramparts
  1207 | D:2      | Learned a level 3 spell: Ozocubu's Armour
  1551 | D:2      | Reached XP level 4. HP: 30/30 MP: 3/8
  1834 | D:3      | Reached XP level 5. HP: 10/35 MP: 5/10
  2062 | D:3      | Found an ancient bone altar of Kikubaaqudgha.
  2549 | D:3      | Reached skill level 6 in Ice Magic
  2764 | D:3      | Found a glowing golden altar of the Shining One.
  3054 | D:4      | Reached XP level 6. HP: 28/41 MP: 8/12
  3683 | D:4      | Reached skill level 7 in Ice Magic
  3683 | D:4      | Reached XP level 7. HP: 40/41 MP: 12/14
  4018 | D:4      | Reached skill level 5 in Spellcasting
  4491 | D:5      | Entered Level 5 of the Dungeon
  4656 | D:5      | Found Assougywn's Jewellery Emporium.
  4663 | D:5      | Found Laryuv's Distillery.
  4674 | D:5      | Bought a potion of heal wounds for 55 gold pieces
  4674 | D:5      | Bought a potion of curing for 33 gold pieces
  4674 | D:5      | Bought a potion of degeneration for 11 gold pieces
  4674 | D:5      | Bought a potion of cancellation for 88 gold pieces
  4674 | D:5      | Bought a potion of brilliance for 44 gold pieces
  4674 | D:5      | Bought a potion of attraction for 33 gold pieces
  4690 | D:5      | Found a snail-covered altar of Cheibriados.
  4752 | D:5      | Found a hazy altar of Hepliaklqana.
  4818 | D:5      | Found Ojiuzxow's Assorted Antiques.
  4846 | D:5      | Found a hide-covered altar of Uskayaw.
  5118 | D:5      | Noticed Dowan
  5119 | D:5      | Noticed Duvessa
  5123 | D:5      | Killed Dowan
  5126 | D:5      | Killed Duvessa
  5401 | D:5      | Found Fedeq's Magic Scroll Emporium.
  5451 | D:5      | Found Quguen's Distillery.
  5587 | D:5      | Bought a scroll of identify for 26 gold pieces
  5731 | D:6      | Found a staircase to the Ecumenical Temple.
  5761 | D:6      | Reached skill level 8 in Ice Magic
  5774 | D:6      | Found a glowing drain.
  5779 | Sewer    | Entered a sewer
  5872 | Sewer    | Reached XP level 8. HP: 52/52 MP: 12/16
  6734 | Temple   | Entered the Ecumenical Temple
  6756 | Temple   | Became a worshipper of Sif Muna the Loreminder
  6808 | Temple   | Fell from the grace of Sif Muna
  6808 | Temple   | Became a worshipper of Vehumet
  7140 | D:6      | Found a sparkling altar of Nemelex Xobeh.
  7637 | D:6      | Reached skill level 9 in Ice Magic
  8037 | D:7      | Reached * piety under Vehumet
  8037 | D:7      | Offered knowledge of Shock by Vehumet.
  8548 | D:7      | Reached XP level 9. HP: 57/57 MP: 13/20
  8715 | D:7      | Reached skill level 10 in Ice Magic
  8852 | D:7      | Mangled by a wight

Illustrated notes

Levels and vault maps discovered:
D:1:      heliophobic_arrival_glass_houses, layout_loops_ring,
          hellmonk_ecumenical_altar_watching_god
D:2:      layout_loops_ring
D:3:      layout_loops_ring, lemuel_doored_altar, mainiacjoe_overflow_brackets,
          wad_rectangle_vault
D:4:      layout_basic
D:5:      layout_loops_ring, nicolae_hepliaklqana_monster_ancestors,
          mainiacjoe_overflow_paths, nicolae_overflow_crystal_walls,
          serial_shops, shop, shop, shop, shop_statue,
          nicolae_shop_hallway_stairs, roderic_lattice_a, uniq_duvessa
D:6:      layout_loops_corners, nemelex_dance_club_becter,
          minmay_temple_entry_tees, lightli_sewer_entry_pipes
D:7:      layout_loops_corners, okawaru_metal_pillars_1_2
Temple:   zaba_magenta_temple

Skill      XL: |  1  2  3  4  5  6  7  8  9 |
---------------+----------------------------+-----
Dodging        | 3 |  3.0
Ice Magic      | 5 6 7 8 9 10 | 10.0
Spellcasting   | 3 4 5 7 |  7.8
Stealth        | |  2.1

Action                   |  1- 3 |  4- 6 |  7- 9 || total
-------------------------+-------+-------+-------++-------
Melee: Hand axe          |    23 |    40 |    80 ||   143
       Whip              |     3 |       |       ||     3
       Punch             |       |       |     1 ||     1
       Tailslap          |       |       |     3 ||     3
Throw: Dart              |       |    17 |    15 ||    32
 Cast: Freeze            |    29 |    47 |   127 ||   203
       Frozen Ramparts   |       |     7 |    16 ||    23
       Ozocubu's Armour  |       |     1 |       ||     1
  Use: Scroll            |       |       |    10 ||    10
 Stab: Sleeping          |     1 |     1 |     2 ||     4
Armor: Robe              |    11 |    15 |    26 ||    52
Dodge: Dodged            |    29 |    40 |   123 ||   192
